MID
CEDAR RAPIDS KERNELS @ BELOIT SNAPPERS
04/07/2048
 
TOP OF THE 1ST
Cedar Rapids Kernels batting - Pitching for Beloit Snappers : RHP Dave Magana
Pitching: RHP Dave Magana
Batting: RHB Ton van Dijk 0-0: Ball
1-0: Fly out, F8 (Flyball, 8RM, EV 90.0 MPH)
Batting: RHB Caleb Bockmann 0-0: DOUBLE (Popup, 6MD, EV 58.1 MPH)
Batting: LHB Tomas Espino 0-0: Called Strike
0-1: Ball
1-1: Called Strike
1-2: Foul Ball, location: 2F
1-2: Foul Ball, location: 2F
1-2: Ball
2-2: Ball
3-2: Strikes out looking
Batting: LHB Jon Ventura 0-0: Ground out U3 (Groundball, 3, EV 99.4 MPH)
Top of the 1st over - 0 runs, 1 hit, 0 errors, 1 left on base; Cedar Rapids 0 - Beloit 0
BOTTOM OF THE 1ST
Beloit Snappers batting - Pitching for Cedar Rapids Kernels : RHP Jason Stout
Pitching: RHP Jason Stout
Batting: RHB Andrew Nicol 0-0: Swinging Strike
0-1: Ball
1-1: Ball
2-1: Ground out U3 (Groundball, 34S, EV 69.4 MPH)
Batting: RHB Min-chin Yi 0-0: Called Strike
0-1: Ball
1-1: Foul Ball, location: 2F
1-2: Ball
2-2: Ball
3-2: Base on Balls
Batting: RHB Shannon Beck 0-0: Called Strike
0-1: Ball
1-1: Ball
2-1: Foul Ball, location: 2F
2-2: Ball
3-2: Foul Ball, location: 2F
3-2: Base on Balls
Min-chin Yi to second
Batting: LHB Felipe Gomez 0-0: Foul Ball, location: 2F
0-1: Ball
1-1: Called Strike
1-2: Ball
2-2: Foul Ball, location: 2F
2-2: Strikes out looking
Batting: LHB Alan Bianchard 0-0: Ball
1-0: Swinging Strike
1-1: Foul Ball, location: 2F
1-2: Foul Ball, location: 2F
1-2: Strikes out swinging
Bottom of the 1st over - 0 runs, 0 hits, 0 errors, 2 left on base; Cedar Rapids 0 - Beloit 0
TOP OF THE 2ND
Cedar Rapids Kernels batting - Pitching for Beloit Snappers : RHP Dave Magana
Batting: LHB Marvin Shepherd 0-0: Called Strike
0-1: Fly out, F4 (Line Drive, 4, EV 73.1 MPH)
Batting: RHB Alexandre Garcia 0-0: Ball
1-0: Swinging Strike
1-1: Ball
2-1: Fly out, F9 (Line Drive, 89M, EV 102.5 MPH)
Batting: SHB Chris Hull 0-0: Fly out, F8 (Flyball, 8LXD, EV 100.0 MPH)
Top of the 2nd over - 0 runs, 0 hits, 0 errors, 0 left on base; Cedar Rapids 0 - Beloit 0
BOTTOM OF THE 2ND
Beloit Snappers batting - Pitching for Cedar Rapids Kernels : RHP Jason Stout
Batting: LHB Robert Wilkins 0-0: Called Strike
0-1: Ball
1-1: Foul Ball, location: 2F
1-2: Ball
2-2: Ball
3-2: Strikes out swinging
Batting: RHB Emiel Schlepers 0-0: Ball
1-0: Called Strike
1-1: Foul Ball, location: 2F
1-2: Foul Ball, location: 2F
1-2: Ball
2-2: Strikes out swinging
Batting: RHB Clay Statum 0-0: Ball
1-0: Ball
2-0: Foul Ball, location: 2F
2-1: Foul Ball, location: 2F
2-2: Foul Ball, location: 2F
2-2: Ball
3-2: Base on Balls
Batting: RHB Don Burt 0-0: Swinging Strike
0-1: Fly out, F8 (Flyball, 8LM, EV 88.8 MPH)
Bottom of the 2nd over - 0 runs, 0 hits, 0 errors, 1 left on base; Cedar Rapids 0 - Beloit 0
TOP OF THE 3RD
Cedar Rapids Kernels batting - Pitching for Beloit Snappers : RHP Dave Magana
Batting: RHB Rick Kendall 0-0: Ball
1-0: Called Strike
1-1: Foul Ball, location: 2F
1-2: DOUBLE (Groundball, 5L, EV 111.9 MPH)
Batting: RHB Steve Terrell 0-0: Ball
1-0: Called Strike
1-1: Called Strike
1-2: Fly out, F9 (Flyball, 9, EV 92.5 MPH)
Batting: RHB Ton van Dijk 0-0: Ground out 4-3 (Groundball, 4S, EV 68.1 MPH)
Rick Kendall to third
Batting: RHB Caleb Bockmann 0-0: Called Strike
0-1: Foul Ball, location: 2F
0-2: Ball
1-2: Ball
2-2: Strikes out swinging
Top of the 3rd over - 0 runs, 1 hit, 0 errors, 1 left on base; Cedar Rapids 0 - Beloit 0
BOTTOM OF THE 3RD
Beloit Snappers batting - Pitching for Cedar Rapids Kernels : RHP Jason Stout
Batting: RHB Andrew Nicol 0-0: Ball
1-0: Foul Ball, location: 2F
1-1: Foul Ball, location: 2F
1-2: Foul Ball, location: 2F
1-2: Ball
2-2: Foul Ball, location: 2F
2-2: Ball
3-2: Ground out 4-3 (Groundball, 4, EV 78.1 MPH)
Batting: RHB Min-chin Yi 0-0: Foul Ball, location: 2F
0-1: Ground out 5-3 (Groundball, 56, EV 101.9 MPH)
Batting: RHB Shannon Beck 0-0: Ball
1-0: Foul Ball, location: 2F
1-1: Fly out, F7 (Flyball, 7D, EV 97.5 MPH)
Bottom of the 3rd over - 0 runs, 0 hits, 0 errors, 0 left on base; Cedar Rapids 0 - Beloit 0
TOP OF THE 4TH
Cedar Rapids Kernels batting - Pitching for Beloit Snappers : RHP Dave Magana
Batting: LHB Tomas Espino 0-0: Ball
1-0: Ball
2-0: Foul Ball, location: 2F
2-1: Foul Ball, location: 2F
2-2: Foul Ball, location: 2F
2-2: Strikes out swinging
Batting: LHB Jon Ventura 0-0: Ball
1-0: Called Strike
1-1: Swinging Strike
1-2: Ball
2-2: Ground out 3-1 (Groundball, 34, EV 108.1 MPH)
Batting: LHB Marvin Shepherd 0-0: Fly out, F7 (Line Drive, 7S, EV 86.9 MPH)
Top of the 4th over - 0 runs, 0 hits, 0 errors, 0 left on base; Cedar Rapids 0 - Beloit 0
BOTTOM OF THE 4TH
Beloit Snappers batting - Pitching for Cedar Rapids Kernels : RHP Jason Stout
Batting: LHB Felipe Gomez 0-0: SINGLE (Groundball, 4D, EV 94.4 MPH)
Batting: LHB Alan Bianchard 0-0: Ball
1-0: Called Strike
1-1: Foul Ball, location: 2F
1-2: Strikes out swinging
Batting: LHB Robert Wilkins 0-0: Ball
1-0: Ball
2-0: Ground out 5-3 (Groundball, 56D, EV 110.0 MPH)
Felipe Gomez to second
Batting: RHB Emiel Schlepers 0-0: Called Strike
0-1: Foul Ball, location: 2F
0-2: Foul Ball, location: 2F
0-2: Ground out 5-3 (Groundball, 56S, EV 88.8 MPH)
Bottom of the 4th over - 0 runs, 1 hit, 0 errors, 1 left on base; Cedar Rapids 0 - Beloit 0
TOP OF THE 5TH
Cedar Rapids Kernels batting - Pitching for Beloit Snappers : RHP Dave Magana
Batting: RHB Alexandre Garcia 0-0: Ball
1-0: Called Strike
1-1: Ball
2-1: Swinging Strike
2-2: Ball
3-2: Foul Ball, location: 2F
3-2: Ground out 4-3 (Groundball, 4, EV 80.6 MPH)
Batting: SHB Chris Hull 0-0: Ball
1-0: Called Strike
1-1: Ball
2-1: Swinging Strike
2-2: Ball
3-2: Strikes out swinging
Batting: RHB Rick Kendall 0-0: Called Strike
0-1: Ball
1-1: Ball
2-1: Ball
3-1: Swinging Strike
3-2: Strikes out swinging
Top of the 5th over - 0 runs, 0 hits, 0 errors, 0 left on base; Cedar Rapids 0 - Beloit 0
BOTTOM OF THE 5TH
Beloit Snappers batting - Pitching for Cedar Rapids Kernels : RHP Jason Stout
Batting: RHB Clay Statum 0-0: Ground out 4-3 (Groundball, 4, EV 82.5 MPH)
Batting: RHB Don Burt 0-0: SINGLE (Groundball, 56, EV 106.9 MPH) (infield hit)
Batting: RHB Andrew Nicol 0-0: Called Strike
0-1: Ball
1-1: Called Strike
1-2: Ball
2-2: DOUBLE (Line Drive, 9LS, EV 100.6 MPH)
Don Burt to third
Batting: RHB Min-chin Yi 0-0: Ball
1-0: Ball
2-0: Called Strike
2-1: Fly out, F6 (Popup, 6MS, EV 75.6 MPH)
Pitching: LHP Josh Armstrong
Batting: RHB Shannon Beck 0-0: Called Strike
0-1: Swinging Strike
0-2: Foul Ball, location: 2F
0-2: Fly out, F8 (Flyball, 8LD, EV 84.4 MPH)
Bottom of the 5th over - 0 runs, 2 hits, 0 errors, 2 left on base; Cedar Rapids 0 - Beloit 0
TOP OF THE 6TH
Cedar Rapids Kernels batting - Pitching for Beloit Snappers : RHP Dave Magana
Batting: RHB Steve Terrell 0-0: Foul Ball, location: 2F
0-1: DOUBLE (Groundball, 5L, EV 97.5 MPH)
Batting: RHB Ton van Dijk 0-0: Called Strike
0-1: Ball
1-1: SINGLE (Line Drive, 4M, EV 95.0 MPH)
Steve Terrell to third
Batting: RHB Caleb Bockmann 0-0: Ball
Wild Pitch!
Steve Terrell scores
Ton van Dijk to second
1-0: Foul Ball, location: 2F
1-1: Ball
2-1: Foul Ball, location: 2F
2-2: Foul Ball, location: 2F
2-2: Ball
3-2: Strikes out swinging
Batting: LHB Tomas Espino 0-0: Ball
1-0: DOUBLE (Flyball, 8RD, EV 87.5 MPH)
Ton van Dijk scores
Batting: LHB Jon Ventura 0-0: Ball
1-0: Ground out 6-3 (Groundball, 6, EV 97.5 MPH)
Batting: LHB Marvin Shepherd 0-0: Ball
1-0: Ball
2-0: Ball
3-0: Base on Balls
Batting: RHB Alexandre Garcia 0-0: Foul Ball, location: 2F
0-1: Fly out, F7 (Flyball, 7D, EV 89.4 MPH)
Top of the 6th over - 2 runs, 3 hits, 0 errors, 2 left on base; Cedar Rapids 2 - Beloit 0
BOTTOM OF THE 6TH
Beloit Snappers batting - Pitching for Cedar Rapids Kernels : LHP Josh Armstrong
Batting: LHB Felipe Gomez 0-0: Called Strike
0-1: SINGLE (Flyball, 4MD, EV 86.2 MPH)
Batting: LHB Alan Bianchard 0-0: Ball
1-0: Called Strike
Felipe Gomez steals 2nd base
1-1: Fly out, F7 (Flyball, 7D, EV 95.0 MPH)
Pinch Hitting: SHB Ivan Barry 0-0: Foul Ball, location: 2F
0-1: Called Strike
0-2: Ball
1-2: SINGLE (Flyball, 6D, EV 90.6 MPH)
Felipe Gomez to third
Batting: RHB Emiel Schlepers 0-0: Fielders Choice at 2nd, 6-4 (Groundball, 6M, EV 105.0 MPH)
Felipe Gomez scores
Batting: RHB Clay Statum 0-0: Ground out 4-3 (Groundball, 4, EV 109.4 MPH)
Bottom of the 6th over - 1 run, 2 hits, 0 errors, 1 left on base; Cedar Rapids 2 - Beloit 1
TOP OF THE 7TH
Cedar Rapids Kernels batting - Pitching for Beloit Snappers : RHP Dave Magana
Now at 1B: Ivan Barry
Now at 3B: Andrew Nicol
Batting: SHB Chris Hull 0-0: Foul Ball, location: 2F
0-1: Swinging Strike
0-2: Ball
1-2: Strikes out swinging
Batting: RHB Rick Kendall 0-0: Fly out, F9 (Flyball, 9D, EV 97.5 MPH)
Batting: RHB Steve Terrell 0-0: Foul Ball, location: 2F
0-1: Ball
1-1: Called Strike
1-2: Strikes out swinging
Top of the 7th over - 0 runs, 0 hits, 0 errors, 0 left on base; Cedar Rapids 2 - Beloit 1
BOTTOM OF THE 7TH
Beloit Snappers batting - Pitching for Cedar Rapids Kernels : LHP Josh Armstrong
Pitching: LHP Mark Challinor
Batting: RHB Don Burt 0-0: Called Strike
0-1: Swinging Strike
0-2: Ball
1-2: Foul Ball, location: 2F
1-2: Foul Ball, location: 2F
1-2: Foul Ball, location: 2F
1-2: Fly out, F7 (Flyball, 78D, EV 86.9 MPH)
Batting: RHB Andrew Nicol 0-0: Ball
1-0: Foul Ball, location: 2F
1-1: Ground out 4-3 (Groundball, 4, EV 90.6 MPH)
Batting: RHB Min-chin Yi 0-0: Ball
1-0: Called Strike
1-1: Swinging Strike
1-2: Ball
2-2: Ground out 1-3 (Groundball, 13S, EV 65.6 MPH)
Bottom of the 7th over - 0 runs, 0 hits, 0 errors, 0 left on base; Cedar Rapids 2 - Beloit 1
TOP OF THE 8TH
Cedar Rapids Kernels batting - Pitching for Beloit Snappers : RHP Dave Magana
Batting: RHB Ton van Dijk 0-0: Ball
1-0: Called Strike
1-1: Foul Ball, location: 2F
1-2: Strikes out swinging
Batting: RHB Caleb Bockmann 0-0: Fly out, F9 (Flyball, 9LM, EV 102.5 MPH)
Batting: LHB Tomas Espino 0-0: Ball
1-0: Ball
2-0: Ground out 1-3 (Groundball, 34S, EV 72.5 MPH)
Top of the 8th over - 0 runs, 0 hits, 0 errors, 0 left on base; Cedar Rapids 2 - Beloit 1
BOTTOM OF THE 8TH
Beloit Snappers batting - Pitching for Cedar Rapids Kernels : LHP Mark Challinor
Batting: RHB Shannon Beck 0-0: Called Strike
0-1: Called Strike
0-2: Ball
1-2: Ball
2-2: Ball
3-2: Foul Ball, location: 2F
3-2: Strikes out swinging
Batting: LHB Felipe Gomez 0-0: Ground out 4-3 (Groundball, 4, EV 78.1 MPH)
Batting: LHB Alan Bianchard 0-0: Called Strike
0-1: Ball
1-1: Ball
2-1: Ball
3-1: Foul Ball, location: 2F
3-2: Fly out, F7 (Line Drive, 78M, EV 87.5 MPH)
Bottom of the 8th over - 0 runs, 0 hits, 0 errors, 0 left on base; Cedar Rapids 2 - Beloit 1
TOP OF THE 9TH
Cedar Rapids Kernels batting - Pitching for Beloit Snappers : RHP Dave Magana
Pitching: RHP Tony Contreras
Batting: LHB Jon Ventura 0-0: Ball
1-0: Called Strike
1-1: Fly out, F9 (Flyball, 9LD, EV 74.4 MPH)
Batting: LHB Marvin Shepherd 0-0: SINGLE (Line Drive, 6MD, EV 98.1 MPH)
Batting: RHB Alexandre Garcia 0-0: Fielders Choice at 2nd, 5-4 (Groundball, 56S, EV 94.4 MPH)
Batting: SHB Chris Hull 0-0: Ball
1-0: Ball
2-0: Fly out, F9 (Flyball, 9LS, EV 84.4 MPH)
Top of the 9th over - 0 runs, 1 hit, 0 errors, 1 left on base; Cedar Rapids 2 - Beloit 1
BOTTOM OF THE 9TH
Beloit Snappers batting - Pitching for Cedar Rapids Kernels : LHP Mark Challinor
Pitching: RHP Matt Lundy
Now at 1B: Jeremy Witt
Now at SS: David McClellan
Now in LF: Steve Terrell
Now in RF: Yasutoshi Hayashi
Batting: SHB Ivan Barry 0-0: Fly out, F8 (Flyball, 8RXD, EV 104.4 MPH)
Batting: RHB Emiel Schlepers 0-0: Ball
1-0: Called Strike
1-1: Called Strike
1-2: Strikes out swinging
Batting: RHB Clay Statum 0-0: Called Strike
0-1: Foul Ball, location: 2F
0-2: Foul Ball, location: 2F
0-2: Ball
1-2: Ground out 6-3 (Groundball, 56, EV 80.6 MPH)
Bottom of the 9th over - 0 runs, 0 hits, 0 errors, 0 left on base; Cedar Rapids 2 - Beloit 1
Tuesday, March 28th , 2023 - OOTP Baseball 23.10 Build 110